Description

A super economic TvZ Opening that launches you into the midgame. Great for getting that big frontal parade push going nice and early!

Great guide from Beastyqt: https://www.youtube.com/watch?v=ycCam4RhoZM&t=360s

VOD

https://www.youtube.com/watch?v=LTxucRuNOMc

Replay - TvZ 4 hellion 3CC into messy macro game vs LBM

Build Order

Get SALT Encoding   

  12  0:01  SCV  
  13  0:13  SCV  
  14  0:18  Supply Depot  
  14  0:25  SCV  
  15  0:40  SCV  
  15  0:41  Barracks  
  16  0:45  Refinery  
  16  0:52  SCV  
  18  1:04  SCV  
  18  1:16  SCV  
  19  1:28  Orbital Command  
  19  1:29  Reaper  
  20  1:41  Command Center  
  20  1:55  SCV  
  20  1:58  Supply Depot  
  21  2:01  Marine  
  21  2:06  Factory  
  22  2:13  SCV  
  23  2:26  Barracks Reactor  
  23  2:28  SCV  
  25  2:59  Command Center  
  25  3:03  Orbital Command  
  26  3:09  Hellion x2  
  30  3:17  Barracks Tech Lab  
  31  3:30  Hellion x2  
  37  3:38  Stimpack  
  37  3:39  Marine  
  38  3:52  Barracks  
  38  3:58  Barracks  
  40  4:05  Factory Reactor  
  40  4:09  Refinery x2  
  40  4:12  Marine  
  43  4:18  Engineering Bay x2  
  44  4:27  Orbital Command  
  45  4:32  Marine  
  48  4:45  Barracks Reactor  
  48  4:46  Marine x3, Starport  
  48  4:51  Terran Infantry Weapons Level 1  
  53  4:58  Terran Infantry Armor Level 1  
  53  5:04  Marine x2  
  59  5:20  Supply Depot x2  
  61  5:28  Factory Reactor  
  61  5:29  Orbital Command  
  61  5:41  Marine  
  61  5:42  Medivac x2  
  68  5:48  Supply Depot  
  71  5:56  Armory  
  75  6:01  Refinery  
  76  6:07  Combat Shields  
  81  6:12  Medivac  
  88  6:26  Bunker  
  93  6:37  Widow Mine x2  
  93  6:38  Medivac  
  101  6:44  Barracks x2  
  101  7:05  Marauder  
  101  7:07  Terran Infantry Weapons Level 2, Terran Infantry Armor Level 2  
  109  7:34  Barracks Reactor x2  
  109  7:44  Medivac  
  109  7:45  Widow Mine x2  
  109  7:46  Marauder  
  108  7:52  Medivac  
  93  8:07  Marauder  
  91  8:14  Widow Mine x2  
  102  8:29  Marauder  
  105  8:42  Widow Mine x2  
  105  8:44  Medivac  
  110  8:50  Marauder  
Spawning Tool Build Advisor. Get it on Overwolf

Go to:

Details

  • Created by: PiG      
  • Published on: Jun 08, 2017
  • Modified on: Jun 08, 2017
  • Patch: 3.8.0
Show
View Real Time Build Order
Export as new Build Order

Comments (0)

There are no comments. Be the first!

Create an account to comment!